 Dungeon Crawl Stone Soup version 0.22.1-6-g1668fe2c40 (webtiles) character file.

44 Gargoyl the Skirmisher (level 3, -17/31 HPs)
             Began as a Centaur Abyssal Knight on Jan 19, 2019.
             Was a Follower of Lugonu.
             Killed from afar by an adder (21 damage)
             ... with an exploding inner flame
             ... hexed by the player character
             ... on level 2 of the Dungeon.
             The game lasted 00:01:52 (870 turns).

Gargoyl the Skirmisher (Centaur Abyssal Knight)      Turns: 870, Time: 00:01:53

Health: -17/31     AC:  7    Str: 14    XL:     3   Next: 41%
Magic:  4/4        EV:  7    Int: 11    God:    Lugonu [*.....]
Gold:   57         SH:  0    Dex:  9    Spells: 2/2 levels left

rFire    . . .     SeeInvis .   l - +3 whip (venom)
rCold    . . .     Gourm    .   (no shield)
rNeg     . . .     Faith    .   j - +0 scale mail
rPois    .         Spirit   .   e - +0 helmet
rElec    .         Reflect  .   (no cloak)
rCorr    .         Harm     .   (no gloves)
MR       .....                  (no barding)
Stlth    ..........             (no amulet)
HPRegen  0.10/turn              (no ring)
MPRegen  0.09/turn              (no ring)

@: very quick
A: large, hooves 3, deformed body, speed 2, tough skin 3
a: Depart the Abyss, Renounce Religion


You were on level 2 of the Dungeon.
You worshipped Lugonu.
Lugonu was aware of your devotion.
You were not hungry.

You visited 1 branch of the dungeon, and saw 2 of its levels.
You visited the Abyss 1 time.

You collected 57 gold pieces.

Inventory:

Hand Weapons
 a - a +1 hand axe
 l - a +3 whip of venom (weapon)
Missiles
 f - 6 tomahawks of dispersal (quivered)
Armour
 b - a +0 leather armour
 e - a +0 helmet (worn)
 j - a +0 scale mail (worn)
Scrolls
 h - 5 scrolls of remove curse {unknown}
 i - a scroll of blinking {unknown}
 k - 3 scrolls of identify
Potions
 d - a potion of agility {unknown}
Comestibles
 c - 2 rations


   Skills:
 + Level 3.5 Fighting
 + Level 2.0 Axes
 * Level 2.0 Armour
 * Level 1.0 Dodging
 * Level 2.3 Invocations


You had 2 spell levels left.
You didn't know any spells.
Your spell library was empty.

Dungeon Overview and Level Annotations

Branches:
Dungeon (2/15)

Altars:


Innate Abilities, Weirdness & Mutations

You have hooves in place of feet.
Armour fits poorly on your strangely shaped body.
You cover ground very quickly.
You have extremely tough skin. (AC +3)


Message History

Unknown command.
Unknown command.
Unknown command.
h - 5 scrolls labeled BEXKOZXAWN (gained 1)
The adder barely misses you.
You hit the adder.
The adder is poisoned.
The adder is heavily wounded.
The adder bites you but does no damage. The goblin hits you but does no damage.
The adder bites you.
You hit the adder.
The adder explodes!
The fiery explosion engulfs the goblin.
The goblin explodes!
The fiery explosion engulfs you!
Ouch! That really hurt!
* * * LOW HITPOINT WARNING * * *
Lugonu accepts your kill. The fiery explosion engulfs you!
Ouch! That really hurt!
You die...

######## #......#
#....(.# #..>...#
####..§§§.#
......§§§§# #.
##.#######..§@§§#
...................#
#..#.#............#
#.#..............#
###........[.......#
...............#####
...............#
.......<.......#
#####..........#


There were no monsters in sight!

Vanquished Creatures
  A gnoll (D:1)
  An adder (D:2)
  An ooze (D:1)
  A leopard gecko (D:1)
  2 bats (D:1)
  A giant cockroach (D:1)
  2 goblins
  6 hobgoblins (D:1)
  A kobold (D:1)
  3 frilled lizards (D:1)
19 creatures vanquished.

Notes
Turn   | Place    | Note
-------+----------+-------------------------------------------
     0 | Abyss:1  | Gargoyl the Centaur Abyssal Knight began the quest for the
                  | Orb.
     0 | Abyss:1  | Reached XP level 1. HP: 19/19 MP: 2/2
    70 | Abyss:2  | Noticed a death drake
    71 | D:1      | Escaped the Abyss
   247 | D:1      | Reached XP level 2. HP: 26/26 MP: 3/3
   669 | D:1      | Reached XP level 3. HP: 31/31 MP: 4/4
   685 | D:1      | Reached * piety under Lugonu
   856 | D:2      | Reached skill level 1 in Dodging
   870 | D:2      | Killed from afar by an adder

Skill      XL: |  1  2  3 |
---------------+----------+-----
Axes           | 2 |  2.0
Armour         | 2 |  2.0
Dodging        | 1 |  1.0
Fighting       | |  3.5
Invocations    | |  2.3

Action                   || total
-------------------------++-------
Melee: Hand axe          ||    47
       Kick              ||     6
       Whip              ||     4
Invok: Depart the Abyss  ||     1
  Use: Scroll            ||     3
Armor: Leather armour    ||     4
       Scale mail        ||    30
Dodge: Dodged            ||    23
